Unix NetHack Version 5.0.0-0 post-release - last build May  4 2026 22:22:43 (774f63e81ad911689b3a0859ea89b322d5daca8d,branch:main).

Game began 2026-05-08 16:24:14, ended 2026-05-08 17:02:33.

BSL2425737, lawful male dwarven Caveman

        ----------
        |.........###   -----------
        |....<...|# #   |.........|
        -.--------######..........|
         ##       # ####|.........|
          #       #    #...`......-#                     ------------
          #       #     |.........|####   #       #######-.[[[[[[[[[|
          #       #     -------|---   # --.------ #      |.[)[[)[[[)|
          #       #            #      ##|.......-##       .[[[[[[[)[|
          ##      #            #       #|.......|         -----------
      -----.---   ##           #       #|.......|
      |.......|    #         ###       #-.......|
      |.......|    # ##    ###          |.......|
      |........### # -.----.--          ---------
      |......>|  ### |..^....|
      |.......|   ###-.......|
      |.......|      |..u@..^|
      ---------      ---------

BSL2425737 the Aborigine  St:18/02 Dx:13 Co:17 In:10 Wi:9 Ch:6  Lawful
Dlvl:5  $:58 HP:0(50) Pw:7(7) AC:8  Xp:4 T:2152 

Latest messages:
 You hit the imp!
 The imp hits!
 You hit the imp.
 The imp hits!
 You hit the imp.
 The imp hits!
 You miss the imp.
 The imp hits!
 You kill the imp!
 Welcome to experience level 4.
 This door is locked.
 This door is locked.
 This door is locked.
 This door is locked.
 This door is locked.
 This door is locked.
 This door is locked.
 This door is locked.
 This door is locked.
 In what direction? 8
 As you kick the door, it crashes open!
 The pony kicks!
 The pony bites!
 You hit the pony.
 The pony kicks!
 The pony bites!
 The pony kicks!
 The pony bites!
 You miss the pony.
 The pony kicks!
 The pony bites!
 You hit the pony!
 The pony kicks!
 The pony bites!
 The pony kicks!
 The pony bites!
 Are you sure you want to pray? [yn] (n) n
 Are you sure you want to pray? [yn] (n) y
 You begin praying to Anu.
 The pony kicks!
 The pony bites!
 The pony kicks!
 The pony bites!
 The pony kicks!
 You die...
 Do you want your possessions identified? [ynq] (y) y
 Do you want to see your attributes? [ynq] (y) n
 Do you want an account of creatures vanquished? [ynaq] (y) n
 Do you want to see your conduct and achievements? [ynq] (y) n
 Do you want to see the dungeon overview? [ynq] (y) n

Inventory:
 Coins    ('$')
  $ - 58 gold pieces
 Weapons  (')')
  b - a +2 sling (weapon in right hand)
  h - a +1 knife
  a - a +1 club (alternate weapon; not wielded)
 Armor    ('[')
  q - an uncursed +0 orcish helm
  v - an uncursed +0 orcish helm
  i - a cursed -2 orcish helm
  e - an uncursed +0 leather armor (being worn)
 Comestibles  ('%')
  u - an uncursed melon
 Scrolls  ('?')
  r - an uncursed scroll of light
 Spellbooks  ('+')
  w - an uncursed spellbook of detect food
 Potions  ('!')
  t - a blessed potion of healing
  f - 2 uncursed potions of healing
  p - a cursed potion of healing
  x - an uncursed potion of see invisible
 Wands    ('/')
  l - a wand of cancellation (0:6)
  k - a wand of slow monster (0:8)
 Tools    ('(')
  s - a magic marker (0:88)
 Gems/Stones  ('*')
  n - an uncursed agate stone
  g - 2 uncursed worthless pieces of blue glass
  c - 19 uncursed flint stones (in quiver pouch)
  d - 23 uncursed rocks

BSL2425737 the Caveman's attributes:

Background:
 You were an Aborigine, a level 4 dwarven Caveman.
 You were lawful, on a mission for Anu
 who was opposed by Ishtar (neutral) and Anshar (chaotic).
 You were right-handed.
 You were in the Dungeons of Doom, on level 5.
 You entered the dungeon 2152 turns ago.
 You had 94 experience points, 66 more were needed to attain level 5.

Basics:
 You had 0 out of 50 hit points.
 You had all 7 energy points (spell power).
 Your armor class was 8.
 Your wallet contained 58 zorkmids.
 Autopickup was off.

Final Characteristics:
 Your strength was 18/02 (limit:18/100).
 Your dexterity was 13 (limit:20).
 Your constitution was 17 (limit:20).
 Your intelligence was 10 (limit:16).
 Your wisdom was 9 (limit:16).
 Your charisma was 6 (limit:16).

Final Status:
 You weren't hungry.
 You were unencumbered.
 You were wielding a sling.
 You had basic skill with sling.

Final Attributes:
 You were piously aligned.
 You had infravision.
 You were warded.
 You are dead.

Miscellaneous:
 You didn't encounter any bones levels.
 Total elapsed playing time was 37 minutes and 26 seconds.

Major events:
 Turn
    1: BSL2425737 the lawful dwarven Caveman entered the dungeon
 1662: attained the rank of Aborigine (level 3)
 2152: killed by a pony, while praying

You didn't know any spells.

Skills:
 Fighting Skills
   bare handed combat [Basic]
 Weapon Skills
   dagger             [Unskilled]
   knife              [Unskilled]
   axe                [Unskilled]
   pick-axe           [Unskilled]
   club               [Basic]
   mace               [Unskilled]
   morning star       [Unskilled]
   flail              [Unskilled]
   hammer             [Unskilled]
   quarterstaff       [Unskilled]
   polearms           [Unskilled]
   spear              [Unskilled]
   trident            [Unskilled]
   bow                [Unskilled]
   sling              [Basic]
   boomerang          [Unskilled]
   unicorn horn       [Unskilled]
 Spellcasting Skills
   attack spells      [Unskilled]
   matter spells      [Unskilled]

Voluntary challenges:
 Character rerolling was not enabled.
 You were illiterate.
 You never genocided any monsters.
 You never polymorphed an object.
 You never changed form.
 You used no wishes.
Achievements:
 You entered a shop.
 You attained the rank of Aborigine.

 The Dungeons of Doom: levels 1 to 5
    Level 1:
       A fountain.
    Level 2:
       A general store, some fountains.
    Level 3:
    Level 4:
    Level 5: <- You were here.
       An armor shop.
       Final resting place for
          you, killed by a pony, while praying.


Vanquished creatures:
 an imp
  a kitten
 an iguana
  2 coyotes
  2 gas spores
  a hobbit
  2 hobgoblins
  3 giant rats
  a gnome zombie
  2 geckos
  a fox
  a goblin
  2 sewer rats
  3 grid bugs
  2 lichens
  a kobold zombie
  6 newts
32 creatures vanquished.

No species were genocided or became extinct.

Game over:
                       ----------
                      /          \
                     /    REST    \
                    /      IN      \
                   /     PEACE      \
                  /                  \
                  |    BSL2425737    |
                  |      58 Au       |
                  | killed by a pony |
                  |                  |
                  |                  |
                  |                  |
                  |       2026       |
                 *|     *  *  *      | *
        _________)/\\_//(\/(/\)/\//\/|_)_______

Goodbye BSL2425737 the Caveman...

You died in The Dungeons of Doom on dungeon level 5 with 629 points,
and 58 pieces of gold, after 2152 moves.
You were level 4 with a maximum of 50 hit points when you died.

